 Dungeon Crawl Stone Soup version 0.29-a0-330-g52719c12eb (webtiles) character file.

Game seed: 13127592074992319419

9 Iscandelvey the Vexing (level 2, 15/21 HPs)
             Began as a Demonspawn Arcane Marksman on Apr 26, 2022.
             Quit the game on level 1 of the Dungeon.
             The game lasted 00:00:58 (455 turns).

Iscandelvey the Vexing (Demonspawn Arcane Marksman)  Turns: 455, Time: 00:00:58

Health: 15/21      AC:  2    Str: 10    XL:     2   Next: 3%
Magic:  3/3        EV: 12    Int: 14    God:
Gold:   30         SH:  0    Dex: 13    Spells: 2/3 levels left

rFire   . . .      SeeInvis .   a - +0 hunting sling
rCold   . . .      Faith    .   (no shield)
rNeg    . . .      Spirit   .   b - +0 robe
rPois   .          Reflect  .   (no helmet)
rElec   .          Harm     .   (no cloak)
rCorr   .          Rampage  .   (no gloves)
Will    .....                   (no boots)
Stlth   +.........              (no amulet)
HPRegen 0.07/turn               (no ring)
MPRegen 0.08/turn               (no ring)

@: no status effects
A: sanguine armour 1
a: no special abilities


You were on level 1 of the Dungeon.
You visited 1 branch of the dungeon, and saw 1 of its levels.

You collected 30 gold pieces.

Inventory:

Hand Weapons
 a - a +0 hunting sling (weapon)
Armour
 b - a +0 robe (worn)
Scrolls
 c - 2 scrolls of vulnerability
 d - a scroll of fog {unknown}
 e - a scroll of enchant armour {unknown}


   Skills:
 + Level 1.2 Fighting
 + Level 1.9 Slings
 + Level 1.9 Dodging
 + Level 1.2 Spellcasting
 + Level 3.1 Hexes


You had 2 spell levels left.
You knew the following spells:

 Your Spells              Type           Power      Damage    Failure   Level
a - Slow                  Hex            36%        N/A       7%          1

Your spell library contained the following spells:

 Spells                   Type           Power      Damage    Failure   Level
 Inner Flame              Hex/Fire       5%         N/A       38%         3
 Portal Projectile        Hex/Tloc       10%        N/A       38%         3
 Cause Fear               Hex            4%         N/A       56%         4


Dungeon Overview and Level Annotations

Branches:
Dungeon (1/15)

Altars:


Innate Abilities, Weirdness & Mutations

When seriously injured, your blood forms armour. (AC +0)


Message History

Found a club.
You see here a +0 club.
You now have 30 gold pieces (gained 15).
e - a scroll labelled VIS WUS GOXT
Found a pair of boots.
A giant cockroach and a goblin come into view.
You shoot a sling bullet.
The sling bullet hits the giant cockroach but does no damage.
The goblin shouts!
You hear an angry hiss.
You shoot a sling bullet.
The sling bullet hits the giant cockroach.
The giant cockroach is severely wounded.
The giant cockroach completely misses you.
You shoot a sling bullet.
The sling bullet hits the giant cockroach.
The giant cockroach is almost dead.
The giant cockroach closely misses you.
You shoot a sling bullet.
The sling bullet barely misses the giant cockroach.
The sling bullet closely misses the goblin.
The giant cockroach barely misses you.
The giant cockroach bites you but does no damage.
The goblin hits you with a +0 club.
You shoot a sling bullet.
The sling bullet hits the giant cockroach.
You kill the giant cockroach!
The goblin hits you with a +0 club.
You have reached level 2!
Your demonic ancestry asserts itself...
You feel your blood ready itself to protect you.
You shoot a sling bullet.
The sling bullet closely misses the goblin.
The goblin misses you. The goblin barely misses you.
You shoot a sling bullet.
The sling bullet closely misses the goblin.
The goblin barely misses you.
You shoot a sling bullet. The sling bullet hits the goblin.
The goblin is moderately wounded.
The goblin hits you with a +0 club.
Are you sure you want to abandon this character and quit the game? (Confirm with "yes".)

.. . #. [ ##.
#.## #†.# #g#
#@# #.#
#.######.# .
#........# ..
#######..# .##
#..# ... #..#
..#
#..#######...#
#............#


You could see a goblin.

Vanquished Creatures
  2 bats (D:1)
  A giant cockroach (D:1)
  A goblin (D:1)
  A kobold (D:1)
  2 ball pythons (D:1)
  A rat (D:1)
8 creatures vanquished.

Notes
Turn   | Place    | Note
-------+----------+-------------------------------------------
     0 | D:1      | Iscandelvey the Demonspawn Arcane Marksman began the quest
                  | for the Orb.
     0 | D:1      | Reached XP level 1. HP: 15/15 MP: 2/2
   451 | D:1      | Gained mutation: When seriously injured, your blood forms
                  | armour. (AC +0) [demonic ancestry]
   451 | D:1      | Reached XP level 2. HP: 18/21 MP: 3/3
   455 | D:1      | Quit the game

Illustrated notes

Levels and vault maps discovered:
D:1:      wheals_arrival_shading, layout_loops_ring,
          ebering_ecumenical_altar_petrified

Action                   || total
-------------------------++-------
 Fire: Hunting sling     ||    34
 Cast: Slow              ||     3
Armor: Robe              ||     1
Dodge: Dodged            ||    23

Table legend: (Time is in decaauts)
 A = Elapsed time spent in this place.
 B = Non-inter-level travel time spent in this place.
 C = Inter-level travel time spent in this place.
 D = Time resting spent in this place.
 E = Time spent auto-exploring this place.
 F = Levels seen in this place.
 G = Mean time per level.
                   A        B        C        D        E       F      G
               +--------+--------+--------+--------+--------+-----+--------+
         Total |    468 |    468 |      0 |    254 |    136 |   1 |  468.0 |
       Dungeon |    468 |    468 |      0 |    254 |    136 |   1 |  468.0 |
               +--------+--------+--------+--------+--------+-----+--------+

Top non-repeatable levels by time:
     D:1: 468 daAuts
